AoeStats
← Edward

Fortress

509050164Analyzed
4v4 RM · 7d ago on Sep 25, 2026· 64m 27s· 8 players
Game mode
Random Map
Map size
Huge
Population
200
Speed
Normal
Resources
Standard
Victory
Conquest
Starting age
Dark Age
Ending age
Imperial Age
RankedLock teamsTeams togetherTeam positionsShared explorationLock speedFull tech treeHidden civsTurbo modeCheats
Victory
Defeat
🇹🇼 Cumans · Taiwan
692
+14
🇹🇼 Vietnamese · Taiwan
676
+14
🇹🇼 Danes · Taiwan
668
+15
🇰🇷 Varangians · South Korea
665
+15
🇨🇳 Chinese · China
702
-17
🇹🇼 Varangians · Taiwan
696
-17
🇷🇺 Poles · Russia
587
-12
🇨🇳 Persians · China
583
-12
Edward
7:23 Feudal Age
8:12 Horse Collar
8:21 Double-Bit Axe
16:01 Castle Age
14:52 Gold Mining
18:19 Thumb Ring
17:36 Crossbowman
17:41 Elite Skirmisher
19:23 Bow Saw
19:18 Heavy Plow
25:19 Capped Ram
33:56 Imperial Age
34:57 Imperial Skirmisher
37:33 Steppe Husbandry
39:19 Padded Archer Armor
39:10 Fletching
39:26 Scale Barding Armor
39:32 Forging
39:22 Scale Mail Armor
38:51 Pikeman
39:31 Squires
40:29 Cuman Mercenaries
41:06 Halberdier
42:45 Elite Kipchak
44:53 Crop Rotation
46:02 Guilds
47:03 Leather Archer Armor
46:44 Bodkin Arrow
57:05 Conscription
60:24 Ring Archer Armor
60:41 Gold Shaft Mining
59:57 Stone Mining
61:24 Ballistics
62:05 Chemistry
victor29392389
8:17 Feudal Age
9:59 Wheelbarrow
9:07 Horse Collar
9:15 Double-Bit Axe
18:25 Arson
20:55 Castle Age
23:17 Hand Cart
23:49 Caravan
24:24 Coinage
26:23 Bow Saw
26:18 Heavy Plow
28:53 Gold Mining
28:58 Stone Mining
35:28 Imperial Age
34:48 Masonry
34:59 Ballistics
34:46 Padded Archer Armor
34:37 Fletching
37:20 Chemistry
38:17 Paper Money
39:52 Elite Rattan Archer
41:14 Sappers
42:23 Hoardings
42:24 Leather Archer Armor
42:04 Bodkin Arrow
42:46 Banking
43:23 Fortified Wall
44:38 Elite Fire Lancer
49:39 Ring Archer Armor
49:10 Bracer
51:52 Man-at-Arms
54:39 Long Swordsman
59:16 Two-Handed Swordsman
62:39 Champion
Uruz_7
6:37 Feudal Age
7:02 Double-Bit Axe
14:29 Castle Age
14:26 Forging
14:15 Arson
16:13 Scale Mail Armor
17:59 Squires
20:45 Wheelbarrow
21:15 Horse Collar
29:25 Imperial Age
26:41 Loom
26:43 Town Watch
28:01 Gambesons
27:40 Hamask
28:58 Iron Casting
28:38 Chain Mail Armor
28:29 Caravan
28:32 Gold Mining
29:29 Elite Varangian Guard
31:21 Conscription
31:28 Capped Ram
32:48 Town Patrol
36:03 Elite Jomsviking
37:11 Northmen's Fury
38:12 Onager
45:45 Thumb Ring
45:03 Cranequins
45:04 Heavy Mounted Crossbowman
46:17 Fletching
46:27 Padded Archer Armor
50:43 Stone Mining
50:54 Bodkin Arrow
51:29 Plate Mail Armor
52:00 Blast Furnace
51:24 Ballistics
52:06 Chemistry
51:51 Husbandry
52:02 Bloodlines
53:10 Bracer
55:07 Siege Engineers
55:13 Masonry
55:57 Hand Cart
55:19 Siege Onager
55:22 Siege Ram
57:18 Leather Archer Armor
tuck205
1:31 Loom
7:08 Feudal Age
8:25 Wheelbarrow
7:31 Horse Collar
7:39 Double-Bit Axe
19:17 Castle Age
18:14 Scale Barding Armor
18:45 Arson
19:16 Forging
19:24 Vendel Legacy
20:41 Hand Cart
20:30 Heavy Plow
20:43 Bow Saw
20:48 Gold Mining
23:24 Iron Casting
23:39 Stone Mining
25:07 Bloodlines
29:03 Gambesons
28:40 Pikeman
29:21 Squires
28:42 Man-at-Arms
29:47 Husbandry
31:53 Chain Barding Armor
34:53 Imperial Age
36:07 Caravan
38:10 Conscription
37:21 Elite Jarl
37:28 Elite Jarl
38:37 Elite Varangian Guard
41:01 Chemistry
40:13 Fortified Wall
40:14 Masonry
41:51 Halberdier
44:10 Blast Furnace
43:14 Scale Mail Armor
44:41 Plate Barding Armor
44:55 Ballistics
44:08 Gothikon
46:17 Fletching
46:27 Padded Archer Armor
61:48 Bodkin Arrow
62:09 Leather Archer Armor
62:12 Chain Mail Armor
沈玩
8:35 Feudal Age
9:01 Double-Bit Axe
8:59 Horse Collar
11:37 Gold Mining
15:57 Castle Age
14:03 Stone Mining
16:26 Pikeman
19:11 Wheelbarrow
21:30 Hand Cart
21:58 Bow Saw
24:06 Forging
23:58 Scale Mail Armor
24:04 Scale Barding Armor
24:00 Padded Archer Armor
23:50 Fletching
28:56 Imperial Age
32:49 Halberdier
37:37 Two-Man Saw
39:01 Iron Casting
38:42 Chain Mail Armor
43:29 Stone Shaft Mining
43:30 Gold Shaft Mining
44:07 Bodkin Arrow
57:48 Elite Skirmisher
64:04 Blast Furnace
iiiqq-qwzaa---q
6:32 Feudal Age
7:00 Double-Bit Axe
7:53 Wheelbarrow
7:35 Horse Collar
14:46 Castle Age
14:57 Gold Mining
15:37 Bow Saw
16:19 Hand Cart
17:31 Heavy Plow
18:42 Stone Mining
25:31 Imperial Age
24:08 Scale Barding Armor
26:17 Forging
26:27 Chain Barding Armor
27:36 Iron Casting
27:40 Vendel Legacy
29:40 Plate Barding Armor
31:46 Blast Furnace
34:21 Elite Jarl
36:39 Caravan
37:19 Stone Shaft Mining
38:42 Two-Man Saw
38:18 Crop Rotation
38:22 Gothikon
41:10 Onager
46:19 Ballistics
47:00 Chemistry
50:35 Murder Holes
51:10 Siege Engineers
53:55 Elite Skirmisher
55:33 Pikeman
56:18 Squires
59:38 Halberdier
湛叔
1:04 Loom
8:35 Feudal Age
10:19 Wheelbarrow
9:30 Double-Bit Axe
9:28 Horse Collar
9:48 Gold Mining
16:56 Castle Age
16:56 Scale Barding Armor
16:51 Padded Archer Armor
16:42 Fletching
17:42 Hand Cart
18:02 Bow Saw
18:17 Heavy Plow
18:45 Stone Mining
19:33 Gold Shaft Mining
19:12 Husbandry
19:23 Bloodlines
20:42 Light Cavalry
24:10 Kamandaran
25:20 Stone Shaft Mining
26:30 Elite Skirmisher
30:05 Caravan
34:35 Imperial Age
33:25 Chain Barding Armor
33:20 Leather Archer Armor
33:01 Bodkin Arrow
35:23 Crop Rotation
35:58 Two-Man Saw
34:50 Elite War Elephant
36:24 Heavy Camel Rider
38:31 Conscription
39:12 Citadels
44:45 Ring Archer Armor
44:51 Plate Barding Armor
43:56 Heavy Cavalry Archer
45:01 Parthian Tactics
PONI_PAI
3:43 Loom
10:44 Feudal Age
12:13 Horse Collar
12:21 Double-Bit Axe
13:35 Wheelbarrow
12:45 Town Watch
15:30 Bloodlines
20:39 Castle Age
21:40 Castle Age
24:18 Light Cavalry
24:59 Husbandry
28:29 Imperial Age
26:11 Scale Barding Armor
26:16 Forging
27:44 Bow Saw
27:36 Heavy Plow
29:20 Winged Hussar
30:48 Hand Cart
30:34 Town Patrol
34:20 Chain Barding Armor
34:36 Iron Casting
39:15 Crop Rotation
39:59 Blast Furnace
41:28 Town Patrol
42:53 Fortified Wall
58:09 Szlachta Privileges
58:27 Conscription
Connection lost

Rejoining the realm…

Still unreachable

The connection could not be restored.

Session expired

The server has moved on; the page needs a fresh start.